cohdb
Replays
Latest Replays
All Replays
Popular Replays
Top Player Replays
Match Explorer
How It Works
Community
CoH3 Stats
Reddit
Sign in to upload your games and track your stats! →
Sign in with Steam
Chinese Map Hackers
Match 45352440
Overview
Messages
Build Orders
End
Selects Special Operations Battlegroup
Selects M29 Weasel Recon Vehicle
M29 Weasel Recon Vehicle
Construct Weapon Support Center
Bazooka Squad
M1919 Machine Gun Team
Bazooka Squad
Engineer Squad
Mechanized Support Center
M3 Armored Personnel Carrier
M3 Armored Personnel Carrier
Selects Raiding Flares
M3 Armored Personnel Carrier
Designate Forward Repair Station
Selects SSF Commando Squad
SSF Commando Squad
SSF Commando Squad
Jimm-e
r33dys
A Sassy Badger
colinmeier50
MatermesGK
FlyPigSWC
0
0
Comments
sign in to comment!
No comments posted yet!